[Event "Odense-ch IM-2 2018"]
[Site "Odense"]
[Date "2018.10.12"]
[Round "1"]
[White "Pedersen (2306), IM Steffen"]
[Black "Grove, Peter"]
[Result "1/2-1/2"]
[ECO "D25"]
[WhiteElo "2306"]
[BlackElo "2213"]
[Annotator "ChessBase"]
[PlyCount "21"]
[EventDate "2018.10.12"]
[EventType "tourn"]
[EventCountry "DEN"]
[SourceTitle "playchess.com"]
[Source "ChessBase"]
[SourceQuality "1"]
[TimeControl "40/5400+30:1800+30"]

1. d4 d5 2. c4 dxc4 3. Nf3 Nf6 4. e3 b5 5. a4 b4 6. Bxc4 e6 7. Nbd2 Bb7 8. a5 a6 9. O-O Be7 10. Qe2 Nbd7 11. e4 1/2-1/2

[Event "Odense-ch IM-2 2018"]
[Site "Odense"]
[Date "2018.10.12"]
[Round "1"]
[White "Heimisson, Hilmir Freyr"]
[Black "Andersen, Lars Rene"]
[Result "1-0"]
[ECO "A40"]
[WhiteElo "2271"]
[BlackElo "2155"]
[Annotator "ChessBase"]
[PlyCount "55"]
[EventDate "2018.10.12"]
[EventType "tourn"]
[EventCountry "DEN"]
[SourceTitle "playchess.com"]
[Source "ChessBase"]
[SourceQuality "1"]
[TimeControl "40/5400+30:1800+30"]

1. d4 g6 2. Nf3 Bg7 3. g3 Nf6 4. Bg2 O-O 5. O-O d6 6. a4 a5 7. Nc3 Na6 8. e4 c6 9. h3 h6 10. Be3 Nb4 11. Re1 Qc7 12. Qd2 Kh7 13. Rad1 e5 14. dxe5 dxe5 15. Bc5 Be6 16. Bxf8 Bxf8 17. Qe2 Bc5 18. Rd2 Re8 19. Red1 Nd7 20. Rxd7 Bxd7 21. Qc4 Bxf2+ 22. Kxf2 Qb6+ 23. Kf1 Be6 24. Qe2 Nxc2 25. Qxc2 Bb3 26. Qf2 Qa6+ 27. Kg1 Bxd1 28. Ng5+ 1-0

[Event "Odense-ch IM-2 2018"]
[Site "Odense"]
[Date "2018.10.13"]
[Round "3"]
[White "Heimisson, Hilmir Freyr"]
[Black "Bromann, Thorbjorn"]
[Result "0-1"]
[ECO "A41"]
[WhiteElo "2271"]
[BlackElo "2387"]
[Annotator "RC"]
[PlyCount "150"]
[EventDate "2018.10.12"]
[EventType "tourn"]
[EventCountry "DEN"]
[SourceTitle "playchess.com"]
[Source "ChessBase"]
[SourceQuality "1"]
[TimeControl "40/5400+30:1800+30"]

1. Nf3 g6 2. d4 Bg7 3. g3 d6 4. Bg2 Nc6 5. O-O e5 6. dxe5 dxe5 7. Qxd8+ Nxd8 8. e4 Be6 9. b3 Ne7 10. Ba3 f6 11. Rd1 Nf7 12. Nc3 c6 13. Bf1 Nc8 14. Bc4 Bxc4 15. bxc4 Nb6 16. c5 Nc4 17. Bc1 Bf8 18. Rb1 Nd8 19. Na4 b5 20. cxb6 axb6 21. Nxb6 Nxb6 22. Rxb6 Rxa2 23. Be3 Ra8 24. Kg2 Rg8 25. h4 h5 26. Ne1 Rg7 27. Bh6 Rc7 28. Bxf8 Kxf8 29. Nd3 Ke7 30. Nb4 Rd7 31. Rb1 Rc8 32. Rb3 Rd4 33. Kf3 Rc4 34. Ra3 Rc7 35. Ra8 Rb7 36. Rxb7+ Nxb7 37. Nd3 Nd6 38. Ra7+ Ke6 39. Rg7 Rxc2 40. Rxg6 Rc3 41. Ke3 c5 42. Ke2 Nxe4 43. g4 hxg4 44. Rxg4 Kf5 45. Rg1 c4 46. Nb4 Rh3 47. Nc2 Rh2 48. Ne3+ Ke6 49. Nxc4 Rxf2+ 50. Kd3 Rf4 51. Ne3 Rxh4 52. Rb1 Nd6 53. Rb6 Rd4+ 54. Ke2 f5 55. Kf3 f4 56. Ng4 Rd3+ 57. Ke2 Rg3 58. Nf2 Re3+ 59. Kf1 Kd5 60. Ra6 Nc4 61. Ra8 Nd2+ 62. Kg2 Rg3+ 63. Kh1 Nf3 64. Ra1 Rg8 65. Rd1+ Ke6 66. Ne4 Kf5 67. Nd6+ Kg4 68. Nf7 Kg3 69. Rd6 Rg7 70. Nh6 Rh7 71. Rg6+ Kf2 72. Rg2+ Ke3 73. Rg6 Ke4 74. Ra6 Rg7 75. Ra4+ Nd4 0-1